 Dungeon Crawl Stone Soup version 0.19-a0-1637-gfc13266 (webtiles) character file.

964 jacquesderrida the Slasher (level 8, 0/42 HPs)
             Began as a Vine Stalker Skald on Sept 19, 2016.
             Was a Believer of Okawaru.
             Slain by a centaur
             ... wielding a +0 great mace
              (6 damage)
             ... on level 5 of the Dungeon.
             The game lasted 00:06:43 (1573 turns).

jacquesderrida the Slasher (Vine Stalker Skald)     Turns: 1573, Time: 00:06:44

Health: 0/42       AC:  9    Str: 19    XL:     8   Next: 15%
Magic:  0/12       EV: 10    Int: 12    God:    Okawaru [**....]
Gold:   60         SH:  0    Dex: 15    Spells: 1 memorised, 10 levels left

rFire  . . .     SeeInvis .     a - +0 falchion
rCold  + . .     Gourm    .     o - +1 ring mail {rC+}
rNeg   . . .     Faith    .     (no shield)
rPois  .         Spirit   +     (no helmet)
rElec  .         Dismiss  .     (no cloak)
rCorr  .         Reflect  .     (no gloves)
MR     +....     Harm     .     p - +2 pair of boots of Zayniarhi {Str+3}
Stlth  +.........               (no amulet)
                                (no ring)
                                (no ring)

@: no status effects
A: fangs 3, regeneration 1, magic shield, antimagic bite, no device heal 3, rot
immunity
a: Heroism, Renounce Religion


You were on level 5 of the Dungeon.
You worshipped Okawaru.
Okawaru was pleased with you.
You were hungry.

You visited 1 branch of the dungeon, and saw 6 of its levels.

You collected 60 gold pieces.

Inventory:

Hand Weapons
 a - a +0 falchion (weapon)
Armour
 b - a +0 leather armour
 l - a +0 chain mail
 o - a +1 ring mail of cold resistance (worn)
 p - the +2 pair of boots of Zayniarhi (worn) {Str+3}
   (You found it on level 4 of the Dungeon)

   It affects your strength (+3).
Jewellery
 r - an uncursed amulet of harm
Wands
 q - a wand of acid (3/15)
Scrolls
 g - 2 scrolls of fog {unknown}
 h - a scroll of amnesia {unknown}
 m - 3 scrolls of remove curse {unknown}
 t - a scroll of fear {unknown}
 u - a scroll of noise {unknown}
Potions
 e - a potion of brilliance {unknown}
 f - 3 potions of curing
 j - a potion of heal wounds {unknown}
 n - a potion of agility {unknown}
 s - a potion of resistance {unknown}
Books
 c - a book of Battle

   Spells                             Type                      Level
   a - Infusion                       Charms                       1
   b - Shroud of Golubria             Charms/Translocation         2
   c - Song of Slaying                Charms                       2
   d - Spectral Weapon                Hexes/Charms                 3
   e - Regeneration                   Charms/Necromancy            3
Comestibles
 d - a bread ration
 k - a meat ration


   Skills:
 + Level 4.2 Fighting
 + Level 7.6 Long Blades
 - Level 0.7 Armour
 - Level 0.7 Dodging
 - Level 2.1 Spellcasting
 - Level 3.0 Charms


You had 10 spell levels left.
You knew the following spells:

 Your Spells              Type           Power        Failure   Level  Hunger
a - Infusion              Chrm           #...         14%         1    ##.....


Dungeon Overview and Level Annotations

Branches:
Dungeon (6/15)             Temple (0/1) D:5

Altars:
Cheibriados
Makhleb
Okawaru
Ru

Annotations:
D:6 p0werm0de's ghost, novice OpGl


Innate Abilities, Weirdness & Mutations

You have razor-sharp teeth.
Your natural rate of healing is unusually fast.
When hurt, damage is shared between your health and your magic reserves.
Your bite disrupts and absorbs the magic of your enemies.
Potions and wands cannot restore your health.
You are immune to rotting.


Message History

You have reached level 8!
You feel stronger.
Your teeth grow very long and razor-sharp.
A centaur comes into view. It is wielding a great mace.
The centaur shouts!
The centaur unwields an uncursed great mace.
The centaur wields a shortbow.
The centaur shoots an arrow.
The arrow closely misses you.
The centaur shoots an arrow.
The arrow hits you!
The centaur shoots an arrow.
The arrow hits you.
* * * LOW HITPOINT WARNING * * *
You see here 2 arrows.
You feel like a meek peon again.
The centaur shoots an arrow.
The arrow hits you!
* * * LOW HITPOINT WARNING * * *
You are too injured to fight recklessly!
The centaur unwields an uncursed shortbow.
The centaur wields an uncursed great mace.
The centaur hits you with an uncursed great mace!
You die...

.... ...............##
#######.######## ########.#
........[# .#######.# .. #.#
#.####.#### .#.......c(#
........##@# ....###.##.#
... #.##.###### ### ..
#>.......... ..#
....###.#####..### #.#
........# #..# #.#
...####.#####..# #.#
#.#.......##..# #.###### #.#
#.#.#.......##..#####.......


You could see a centaur.

Vanquished Creatures
  The ghost of Ruebezahl the Shield-Bearer, a novice MiFi of Ru (D:5)
  A phantom (D:5)
  An ogre (D:4)
  A scorpion (D:5)
  3 hounds
  Ijyb (D:2)
  2 iguanas (D:4)
  2 worker ants (D:5)
  3 adders
  An ooze (D:3)
  An adder zombie (D:5)
  2 adder skeletons (D:4)
  2 dart slugs (D:1)
  3 leopard geckos
  An orc (D:4)
  A giant cockroach (D:4)
  2 goblins (D:2)
  6 hobgoblins
  7 jackals (D:4)
  4 kobolds
  2 quokkas
  A bat (D:1)
  2 frilled lizards
  3 rats
53 creatures vanquished.

Notes
Turn   | Place    | Note
-------+----------+-------------------------------------------
     0 | D:1      | jacquesderrida the Vine Stalker Skald began the quest for the Orb.
     0 | D:1      | Reached XP level 1. HP: 11/11 MP: 4/4
    97 | D:1      | Reached skill level 2 in Long Blades
   183 | D:1      | Reached XP level 2. HP: 7/15 MP: 6/6
   381 | D:2      | Noticed Ijyb
   444 | D:2      | Killed Ijyb
   444 | D:2      | Reached skill level 3 in Long Blades
   444 | D:2      | Reached XP level 3. HP: 16/18 MP: 7/7
   473 | D:2      | Found an iron altar of Okawaru.
   499 | D:2      | Became a worshipper of Warmaster Okawaru
   568 | D:2      | Found a snail-covered altar of Cheibriados.
   664 | D:3      | Found a sacrificial altar of Ru.
   825 | D:3      | Found a faded altar of an unknown god.
   838 | D:4      | Gained mutation: Your natural rate of healing is unusually fast. [Vine Stalker growth]
   838 | D:4      | Reached XP level 4. HP: 16/23 MP: 6/8
   890 | D:4      | Got a pair of shimmering boots
   896 | D:4      | Identified the +2 pair of boots of Zayniarhi {Str+3} (You found it on level 4 of the Dungeon)
   908 | D:4      | Reached skill level 4 in Long Blades
  1007 | D:4      | Reached XP level 5. HP: 23/26 MP: 6/9
  1050 | D:4      | Found a burning altar of Makhleb.
  1055 | D:4      | Reached skill level 5 in Long Blades
  1083 | D:4      | Noticed an ogre
  1089 | D:4      | Killed an ogre
  1089 | D:4      | Reached * piety under Okawaru
  1089 | D:4      | Reached XP level 6. HP: 21/30 MP: 7/10
  1154 | D:5      | Entered Level 5 of the Dungeon
  1231 | D:5      | Reached skill level 6 in Long Blades
  1241 | D:5      | Noticed Ruebezahl's ghost (novice MiFi)
  1337 | D:5      | Noticed a phantom
  1374 | D:5      | Killed a phantom
  1374 | D:5      | Reached XP level 7. HP: 35/35 MP: 11/11
  1418 | D:5      | Found a staircase to the Ecumenical Temple.
  1486 | D:6      | Noticed p0werm0de's ghost (novice OpGl)
  1564 | D:5      | Killed Ruebezahl's ghost
  1564 | D:5      | Reached ** piety under Okawaru
  1564 | D:5      | Reached skill level 7 in Long Blades
  1564 | D:5      | Gained mutation: You have razor-sharp teeth. [Vine Stalker growth]
  1564 | D:5      | Reached XP level 8. HP: 21/42 MP: 1/12
  1573 | D:5      | Slain by a centaur

Vault maps used:
D:1:      dpeg_arrival_stone_temple_mockup
D:2:      old_standard_altar, lemuel_coloured_pillars_altar,
          okawaru_altar_gauntlet_db, uniq_iyjb
D:3:      overflow_temple_1_default, ecumenical_altar_2, first_bread,
          grunt_gozag_statues
D:4:      makhleb_blood_cavern_becter, uniq_grinder
D:5:      nicolae_dithmenos_the_darkroom, uniq_sigmund
D:6:      serial_shops, shop_fountains, kennysheep_small_square, uniq_duvessa

Skill      XL: |  1  2  3  4  5  6  7 |
---------------+----------------------+-----
Long Blades    | 2 3 4 5 6 7 |  7.6
Fighting       | 2 4 |  4.2
Armour         | |  0.7
Dodging        | |  0.7
Spellcasting   | |  2.1
Charms         | |  3.0

Action                   |  1- 3 |  4- 6 |  7- 9 || total
-------------------------+-------+-------+-------++-------
Melee: Falchion          |   104 |   119 |    64 ||   287
       Bite              |    19 |    39 |    21 ||    79
       Punch             |       |       |     2 ||     2
 Cast: Infusion          |       |     1 |       ||     1
Invok: Heroism           |       |       |     3 ||     3
Evoke: Wand              |       |     3 |       ||     3
  Use: Scroll            |       |     3 |       ||     3
  Eat: Chunk             |       |     2 |       ||     2
Armor: Leather armour    |     4 |       |       ||     4
       Chain mail        |    45 |       |       ||    45
       Ring mail         |     1 |    50 |    15 ||    66
Dodge: Dodged            |    33 |    50 |    22 ||   105
